 Dungeon Crawl Stone Soup version 0.32-a0-391-gce5c0aab1b (webtiles) character file.

Game seed: 7602548878668338226

10 Bravepunisher the Changeling (level 2, 0/14 HPs)
             Began as a Spriggan Shapeshifter on Feb 19, 2024.
             Slain by Terence
             ... wielding a +2 flail of protection
              (13 damage)
             ... on level 3 of the Dungeon.
             The game lasted 00:01:43 (372 turns).

Bravepunisher the Changeling (Spriggan Shapeshifter) Turns: 372, Time: 00:01:43

Health: 0/14       AC:  2    Str: 10    XL:     2   Next: 10%
Magic:  3/3        EV: 17    Int: 11    God:
Gold:   40         SH:  0    Dex: 14    Spells: 1/1 levels left

rFire   . .          .
                       - Unarmed
rCold   . . .        (no shield)
rNeg    . . .        a - +0 animal skin
rPois   .            (helmet restricted)
rElec   .            (no cloak)
rCorr   .            (gloves unavailable)
SInv    +            (boots unavailable)
Will    .....        (no amulet)
Stlth   +            (no ring)
HPRegen 0.22/turn    (no ring)
MPRegen 0.08/turn

%: no passive effects
@: very quick
A: very small, no large weapons, unfitting armour, see invisible, speed 3
a: no special abilities


You were on level 3 of the Dungeon.
You visited 1 branch of the dungeon, and saw 3 of its levels.

You collected 40 gold pieces.

Inventory:

Armour
 a - a +0 animal skin (worn)
Jewellery
 e - a ring of fire
Talismans
 c - a beast talisman
 d - a flux talisman
Scrolls
 f - 2 scrolls of teleportation {unknown}
Potions
 b - a potion of lignification


   Skills:
 * Level 1.3 Fighting
 + Level 3.0 Dodging
 - Level 2.4 Unarmed Combat
 + Level 4.2 Shapeshifting


You had one spell level left.
You didn't know any spells.
Your spell library contained the following spells:

 Spells                   Type           Power      Damage    Failure   Level
 Mercury Vapours          Alch/Air       0%         N/A       47%         2
 Mephitic Cloud           Conj/Alch/Air  0%         N/A       71%         3
 Freezing Cloud           Conj/Ice/Air   0%         6-21      100%        5


Dungeon Overview and Level Annotations

Branches:
Dungeon (3/15)

Altars:

Annotations:
D:3 Terence


Innate Abilities, Weirdness & Mutations

You are very small and have problems with some larger weapons.
You are too small for most types of armour.
You have supernaturally acute eyesight. (SInv)
You cover ground extremely quickly. (Speed+++)


Message History

The gnoll attacks as it pursues you!
The gnoll hits you from afar with a +0 spear!
Ouch! That really hurt!
A gnoll comes into view. It is wielding a +0 flail.
The gnoll barely misses you.
Found a club.
Found a book of Vapours and a scroll labelled YNA KEIRABLUOD.
A kobold comes into view. It is wielding a +0 dagger.
The kobold shouts!
You barely miss the kobold. The kobold misses you.
You barely miss the kobold. The kobold hits you but does no damage.
You punch the kobold!
You kill the kobold!
Okay, then.
You begin untransforming.
You continue untransforming. x3
Your transformation has ended.
Things that are here:
a +0 dagger; a +0 club You pick up a book of Vapours and begin reading...
You add the spells Mercury Vapours, Mephitic Cloud and Freezing Cloud to your library.
Things that are here:
a +0 dagger; a +0 club
Things that are here:
a +0 dagger; a +0 club
Found a scroll labelled ESHRUDGH SIODEP.
Terence and an endoplasm come into view.
Terence is wielding a +2 flail of protection.
Found a stone staircase leading up.
Terence shouts!
The endoplasm quivers.
A bat comes into view.
The bat moves out of view.
Found 15 gold pieces.
A giant cockroach comes into view.
You barely miss the giant cockroach. The bat closely misses you.
The giant cockroach bites you. The gnoll closely misses you.
Terence hits you with a +2 flail of protection!
Ouch! That really hurt!
You die...
Terence says, "Rest in peace."

# ##.## ######### #.#
###.##...####.......##########.#
.........).....g...............#
##.#.#...####.#####.############
##.#.## #.### #... ##..# #?..#
##### ##.## ###g#
##.#.######.####
##.#.#......@@..#
#.?.###.#...JbB.#
#.###.#.##......<# ##
##.###.......... ### #.......#.#
#.......#.# #.......# #
.###.##.$


You could see Terence, a gnoll, an endoplasm, a giant cockroach and a bat.

Vanquished Creatures
  A goblin (D:1)
  A hobgoblin (D:2)
  A kobold (D:3)
  A ball python (D:1)
  2 frilled lizards (D:1)
6 creatures vanquished.

Notes
Turn   | Place    | Note
-------+----------+-------------------------------------------
     0 | D:1      | Bravepunisher the Spriggan Shapeshifter began the quest for
                  | the Orb.
     0 | D:1      | Reached XP level 1. HP: 9/9 MP: 2/2
    74 | D:1      | Reached skill level 1 in Fighting
   137 | D:2      | Reached XP level 2. HP: 14/14 MP: 3/3
   366 | D:3      | Noticed Terence
   372 | D:3      | Slain by Terence

Illustrated notes

Levels and vault maps discovered:
D:1:      dpeg_arrival_arbitrary_a, layout_basic, basic_ecumenical_altar
D:2:      cheibrodos_old_hovel, layout_loops_ring, chequers_big_river,
          minmay_misc_feat_more_columns
D:3:      layout_loops_ring, serial_shops, shop, uniq_terence, uniq_jessica

Skill      XL: |  1 |
---------------+----+-----
Fighting       | 1 |  1.3
Dodging        | 3 |  3.0
Unarmed Combat | |  2.4
Shapeshifting  | |  4.2

Action                     || total
---------------------------++-------
  Melee: Unarmed           ||    15
Ability: Begin Untransform ||     1
   Stab: Sleeping          ||     2
 Armour: Animal skin       ||     8
  Dodge: Dodged            ||    15

Table legend: (Time is in decaauts)
 A = Elapsed time spent in this place.
 B = Non-inter-level travel time spent in this place.
 C = Inter-level travel time spent in this place.
 D = Time resting spent in this place.
 E = Time spent auto-exploring this place.
 F = Levels seen in this place.
 G = Mean time per level.
                   A        B        C        D        E       F      G
               +--------+--------+--------+--------+--------+-----+--------+
         Total |    244 |    244 |      0 |      0 |     85 |   3 |   81.3 |
       Dungeon |    244 |    244 |      0 |      0 |     85 |   3 |   81.3 |
               +--------+--------+--------+--------+--------+-----+--------+

Top non-repeatable levels by time:
     D:1: 87 daAuts
     D:2: 81 daAuts
     D:3: 76 daAuts
